 Dungeon Crawl Stone Soup version 0.31-a0-986-g5e6e4ef867 (webtiles) character file.

Game seed: 17380499785716602993

748 sammy202020 the Covered (level 7, 39/39 HPs)
             Began as a Gargoyle Fighter on Nov 24, 2023.
             Quit the game in a sewer.
             The game lasted 00:06:15 (3163 turns).

sammy202020 the Covered (Gargoyle Fighter)          Turns: 3163, Time: 00:06:15

Health: 39/39      AC: 16    Str: 19    XL:     7   Next: 77%
Magic:  7/7        EV:  8    Int: 11    God:
Gold:   121        SH:  8    Dex:  9    Spells: 6/6 levels left

rFire   . . .        c - +2 morningstar (vamp)
rCold   . . .        f - +0 kite shield
rNeg    + . .        b - +0 scale mail
rPois   ∞            (helmet restricted)
rElec   +            (no cloak)
rCorr   .            (no gloves)
SInv    .            (no boots)
Will    .....        (no amulet) Stlth
                     j - +4 ring of protection
HPRegen 0.26/turn    (no ring)
MPRegen 0.10/turn

%: no passive effects
@: very slow
A: sickness immunity, AC +4, negative energy resistance 1, electricity
resistance, torment resistance 1, petrification resistance, horns 1, frail 1,
devolution 1
a: no special abilities


You were in a sewer.
You visited 1 branch of the dungeon, and saw 3 of its levels.
You also visited: Sewer.

You collected 121 gold pieces.

Inventory:

Hand Weapons
 a - a +0 flail
 c - a +2 vampiric morningstar (weapon)
Armour
 b - a +0 scale mail (worn)
 f - a +0 kite shield (worn)
Jewellery
 j - a +4 ring of protection (left hand)
Scrolls
 g - 2 scrolls of blinking
 n - a scroll of teleportation
Potions
 d - a potion of might
 e - a potion of degeneration
 k - a potion of haste


   Skills:
 * Level 5.2 Fighting
 * Level 4.2 Maces & Flails
 * Level 5.6 Armour
 + Level 2.0 Dodging
 * Level 5.3 Shields


You had 6 spell levels left.
You didn't know any spells.
Your spell library contained the following spells:

 Spells                   Type           Power      Damage    Failure   Level
 Apportation              Tloc           0%         N/A       93%         1
 Jinxbite                 Hex            0%         N/A       98%         2
 Alistair's Intoxication  Tmut/Pois      0%         N/A       100%        5


Dungeon Overview and Level Annotations

Branches:
Dungeon (3/15)              Sewer (1/1)

Altars:

Shops:
D:2 [


Innate Abilities, Weirdness & Mutations

You are immune to sickness and miasma.
Your stone body is resilient. (AC +4)
You are immune to poison.
You resist negative energy. (rN+)
You are resistant to electric shocks. (rElec)
You are resistant to unholy torment.
You are immune to petrification.
You have a pair of small horns on your head.
You are frail. (-10% HP)
You have hidden genetic defects.


Message History

You enter the shallow water.
Moving in this stuff is going to be slow.
You enter the shallow water.
Moving in this stuff is going to be slow.
You enter the shallow water.
Moving in this stuff is going to be slow.
You enter the shallow water.
Moving in this stuff is going to be slow.
You enter the shallow water.
Moving in this stuff is going to be slow.
Your hearing returns.
You enter the shallow water.
Moving in this stuff is going to be slow.
Okay, then.
j - a +4 ring of protection (left hand)
As you read the scroll labelled ISCHIS PUNEIG, it crumbles to dust.
You feel strangely unstable.
It was a scroll of teleportation.
Okay, then.
It was a potion of enlightenment.
You feel very buoyant.
You fly up into the air.
It was a potion of haste.
You feel yourself speed up.
Your surroundings suddenly seem different.
It was a potion of attraction.
You feel attractive to monsters.
It was a potion of mutation.
You feel extremely strange. A pair of horns grows on your head!
You feel a hidden malignance growing inside you.
You feel frail.
It was a potion of cancellation.
Your magical effects are unravelling.
You feel magically purged.
You feel yourself slow down.
You float gracefully downwards.
Splash!
You fall into the shallow water.
Moving in this stuff is going to be slow.
You feel your willpower return.
Your enlightenment fades.
You feel less attractive to monsters.
Are you sure you want to abandon this character and quit the game? (Confirm with "yes".)

#.~ #.~ #.~ #######
#.~ #.~~~~##### #.~
#####.†~~.########.
#.~~~~###~~~..~.###
####### #.~~~~.~.#
#.@~~.###~~~~~~~.##
#####~)..~####...~#
#.~~~~##### ##.~..
####### ##~~. #~~.
#~~~ #.~. #######
##~~~ #.~~~~#####
##....


There were no monsters in sight!

Vanquished Creatures
  6 kobold brigands (Sewer)
  3 orc wizards (D:3)
  9 adders
  5 river rats
  9 worms
  3 dart slugs
  12 orcs (D:3)
  8 endoplasms
  2 giant cockroaches (D:3)
  8 goblins
  6 hobgoblins
  2 quokkas (D:2)
  9 ball pythons
  5 bats
  4 frilled lizards
  10 kobolds
  8 rats
109 creatures vanquished.

Notes
Turn   | Place    | Note
-------+----------+-------------------------------------------
     0 | D:1      | sammy202020 the Gargoyle Fighter began the quest for the
                  | Orb.
     0 | D:1      | Reached XP level 1. HP: 14/14 MP: 1/1
   175 | D:1      | Reached XP level 2. HP: 19/19 MP: 2/2
   406 | D:1      | Reached XP level 3. HP: 21/23 MP: 3/3
   861 | D:2      | Found Utoug's Armour Emporium.
  1006 | D:2      | Reached XP level 4. HP: 29/29 MP: 4/4
  1757 | D:3      | Found a faded altar of an unknown god.
  1783 | D:3      | Reached skill level 1 in Dodging
  1783 | D:3      | Reached XP level 5. HP: 22/33 MP: 5/5
  2151 | D:3      | Reached XP level 6. HP: 32/38 MP: 6/6
  2164 | D:3      | Found a glowing drain.
  2185 | Sewer    | Entered a sewer
  2666 | Sewer    | Reached skill level 5 in Armour
  2735 | Sewer    | Reached XP level 7. HP: 26/44 MP: 7/7
  2745 | Sewer    | Reached skill level 5 in Shields
  2906 | Sewer    | Reached skill level 5 in Fighting
  3161 | Sewer    | Gained mutation: You have a pair of small horns on your
                  | head. [potion of mutation]
  3161 | Sewer    | Gained mutation: You have hidden genetic defects. [potion
                  | of mutation]
  3161 | Sewer    | Gained mutation: You are frail. (-10% HP) [potion of
                  | mutation]
  3163 | Sewer    | Quit the game

Illustrated notes

Levels and vault maps discovered:
D:1:      psy_arrival_basics, layout_basic
D:2:      layout_loops_corners, serial_shops, shop, kennysheep_big_empty_room,
          corner_web_ring, kennysheep_generic_room_6
D:3:      layout_rooms, ebering_ecumenical_altar_abandoned,
          gup_sewer_entry_bubbles
Sewer:    sewer_co_tree

Skill      XL: |  1  2  3  4  5  6  7 |
---------------+----------------------+-----
Armour         | 4 5 |  5.6
Shields        | 4 5 |  5.3
Dodging        | 1 2 |  2.0
Fighting       | 4 5 |  5.2
Maces & Flails | 3 4 |  4.2

Action                     |  1- 3 |  4- 6 |  7- 9 || total
---------------------------+-------+-------+-------++-------
  Melee: Flail             |   120 |       |       ||   120
         Whip              |       |    80 |       ||    80
         Morningstar       |       |   212 |    85 ||   297
    Use: Scroll            |     1 |     2 |     3 ||     6
         Potion            |       |       |     5 ||     5
 Armour: Scale mail        |    90 |   251 |    48 ||   389
  Dodge: Dodged            |    65 |   124 |    21 ||   210
  Block: Buckler           |    23 |       |       ||    23
         Kite shield       |    24 |   115 |    33 ||   172

Table legend: (Time is in decaauts)
 A = Elapsed time spent in this place.
 B = Non-inter-level travel time spent in this place.
 C = Inter-level travel time spent in this place.
 D = Time resting spent in this place.
 E = Time spent auto-exploring this place.
 F = Levels seen in this place.
 G = Mean time per level.
                   A        B        C        D        E       F      G
               +--------+--------+--------+--------+--------+-----+--------+
         Total |   3509 |   3487 |     22 |      0 |   2371 |   4 |  877.2 |
       Dungeon |   2305 |   2283 |     22 |      0 |   1581 |   3 |  768.3 |
         Sewer |   1204 |   1204 |      0 |      0 |    790 |   1 | 1204.0 |
               +--------+--------+--------+--------+--------+-----+--------+

Top non-repeatable levels by time:
   Sewer: 1204 daAuts
     D:2: 1053 daAuts
     D:1: 689 daAuts
     D:3: 563 daAuts
